TOP OF THE 1ST |
Atlantic City War Dogs batting - Pitching for Rancho Cucamonga Sick Monkeys : RHP Armando Rocha
|
Pitching: RHP Armando Rocha
|
|
Batting: RHB Pancho Valdés
|
0-0: Ball 1-0: Called Strike 1-1: Called Strike 1-2: Ball 2-2: Strikes out swinging
|
Batting: RHB Robert Koremans
|
0-0: Foul Ball, location: 2F 0-1: Foul Ball, location: 2F 0-2: Ball 1-2: Ball 2-2: Foul Ball, location: 2F 2-2: Ball 3-2: DOUBLE (Flyball, 9)
|
Batting: RHB José Guevara
|
0-0: Ground out 6-3 (Groundball, 6M) Robert Koremans to third
|
Batting: RHB Jamie Swyers
|
0-0: Called Strike 0-1: SINGLE (Groundball, 5D) Robert Koremans scores
|
Batting: LHB Patrick Ferguson
|
0-0: Called Strike 0-1: Ball 1-1: Ball 2-1: Ball 3-1: Foul Ball, location: 2F 3-2: Fly out, F4 (Popup, 4M)
|
Top of the 1st over - 1 run(s), 2 hit(s), 0 error(s), 1 left on base; Atlantic City 1 - Rancho Cucamonga 0 |
BOTTOM OF THE 1ST |
Rancho Cucamonga Sick Monkeys batting - Pitching for Atlantic City War Dogs : RHP Jim Rawnsley
|
Pitching: RHP Jim Rawnsley
|
|
Batting: RHB Roberto Quiñones
|
0-0: Called Strike 0-1: Ball 1-1: SINGLE (Popup, 6D)
|
Batting: LHB Paco Córdova
|
0-0: Ball 1-0: Foul Ball, location: 2F 1-1: Ball 2-1: 2-RUN HOME RUN (Flyball, 9D), Distance : 395 ft
|
Batting: RHB Orlando González
|
0-0: Swinging Strike 0-1: Foul Ball, location: 2F 0-2: Ball 1-2: Ball 2-2: Strikes out looking
|
Batting: LHB Paul Holcomb
|
0-0: Ball 1-0: Ball 2-0: Called Strike 2-1: Foul Ball, location: 2F 2-2: SINGLE (Groundball, 4MD)
|
Batting: SHB Keith Hale
|
0-0: Ball 1-0: Ball 2-0: Ball 3-0: Called Strike 3-1: Foul Ball, location: 2F 3-2: Ground out 4-3 (Groundball, 4S) Paul Holcomb to second
|
Batting: RHB Francis Land
|
0-0: Ball 1-0: Called Strike 1-1: Ball 2-1: Ball 3-1: Fly out, F7 (Flyball, 7LS)
|
Bottom of the 1st over - 2 run(s), 3 hit(s), 0 error(s), 1 left on base; Atlantic City 1 - Rancho Cucamonga 2 |
TOP OF THE 2ND |
Atlantic City War Dogs batting - Pitching for Rancho Cucamonga Sick Monkeys : RHP Armando Rocha
|
Batting: RHB Armando Vega
|
0-0: Ball 1-0: Ball 2-0: Foul Ball, location: 2F 2-1: Ground out 5-3 (Groundball, 56)
|
Batting: RHB John Stevens
|
0-0: Foul Ball, location: 2F 0-1: Ball 1-1: Swinging Strike 1-2: Foul Ball, location: 2F 1-2: Foul Ball, location: 2F 1-2: Ball 2-2: Ball 3-2: Ground out 6-3 (Groundball, 6)
|
Batting: RHB Jesús Herrera
|
0-0: Ball 1-0: Foul Ball, location: 2F 1-1: Ball 2-1: Swinging Strike 2-2: Foul Ball, location: 2F 2-2: Fly out, F8 (Flyball, 89D)
|
Top of the 2nd over - 0 run(s), 0 hit(s), 0 error(s), 0 left on base; Atlantic City 1 - Rancho Cucamonga 2 |
BOTTOM OF THE 2ND |
Rancho Cucamonga Sick Monkeys batting - Pitching for Atlantic City War Dogs : RHP Jim Rawnsley
|
Batting: LHB Sam Fuller
|
0-0: Ball 1-0: Called Strike 1-1: Ball 2-1: Swinging Strike 2-2: SINGLE (Line Drive, 7S)
|
Batting: RHB Jeremy Davis
|
0-0: Ball 1-0: Ball 2-0: SINGLE (Groundball, 6MD) Sam Fuller to second
|
Batting: SHB Jorge Maldonado
|
0-0: Ball Sam Fuller steals 3rd base Jeremy Davis to second 1-0: Swinging Strike 1-1: Foul Ball, location: 2F 1-2: Foul Ball, location: 2F 1-2: Strikes out swinging
|
Batting: RHB Roberto Quiñones
|
0-0: Called Strike 0-1: Ball 1-1: Ground out 4-3 (Groundball, 4) Sam Fuller scores Jeremy Davis to third
|
Batting: LHB Paco Córdova
|
0-0: Ball 1-0: Foul Ball, location: 2F 1-1: Foul Ball, location: 2F 1-2: Ball 2-2: Ball 3-2: DOUBLE (Line Drive, 8LD) Jeremy Davis scores
|
Batting: RHB Orlando González
|
0-0: Ball 1-0: Swinging Strike 1-1: Called Strike 1-2: Foul Ball, location: 2F 1-2: Fly out, F8 (Flyball, 8RD)
|
Bottom of the 2nd over - 2 run(s), 3 hit(s), 0 error(s), 1 left on base; Atlantic City 1 - Rancho Cucamonga 4 |
TOP OF THE 3RD |
Atlantic City War Dogs batting - Pitching for Rancho Cucamonga Sick Monkeys : RHP Armando Rocha
|
Batting: RHB Pat Simms
|
0-0: Ball 1-0: Foul Ball, location: 2F 1-1: Ball 2-1: Swinging Strike 2-2: Foul Ball, location: 2F 2-2: DOUBLE (Flyball, 78D)
|
Batting: RHB Pancho Valdés
|
0-0: Fly out, F8 (Flyball, 8LD) Runner from 2nd tags up, SAFE at 3rd, no throw
|
Batting: RHB Robert Koremans
|
0-0: Called Strike 0-1: SINGLE (Groundball, 6MD) Pat Simms scores
|
Batting: RHB José Guevara
|
0-0: Ball 1-0: Called Strike 1-1: Foul Ball, location: 2F 1-2: Strikes out swinging
|
Batting: RHB Jamie Swyers
|
0-0: Called Strike Robert Koremans is caught stealing 2nd base
|
Top of the 3rd over - 1 run(s), 2 hit(s), 0 error(s), 0 left on base; Atlantic City 2 - Rancho Cucamonga 4 |
BOTTOM OF THE 3RD |
Rancho Cucamonga Sick Monkeys batting - Pitching for Atlantic City War Dogs : RHP Jim Rawnsley
|
Batting: LHB Paul Holcomb
|
0-0: Ball 1-0: Foul Ball, location: 2F 1-1: Called Strike 1-2: Foul Ball, location: 2F 1-2: Foul Ball, location: 2F 1-2: Ball 2-2: Ball 3-2: Foul Ball, location: 2F 3-2: Ground out 5-3 (Groundball, 56S)
|
Batting: SHB Keith Hale
|
0-0: Called Strike 0-1: Foul Ball, location: 2F 0-2: Ball 1-2: Ball 2-2: Ball 3-2: Base on Balls
|
Batting: RHB Francis Land
|
0-0: Called Strike Keith Hale is caught stealing 2nd base 0-1: Foul Ball, location: 2F 0-2: Ball 1-2: Strikes out looking
|
Bottom of the 3rd over - 0 run(s), 0 hit(s), 0 error(s), 0 left on base; Atlantic City 2 - Rancho Cucamonga 4 |
TOP OF THE 4TH |
Atlantic City War Dogs batting - Pitching for Rancho Cucamonga Sick Monkeys : RHP Armando Rocha
|
Batting: RHB Jamie Swyers
|
0-0: Ground out 1-3 (Groundball, 13)
|
Batting: LHB Patrick Ferguson
|
0-0: Ball 1-0: Fly out, F9 (Flyball, 89M)
|
Batting: RHB Armando Vega
|
0-0: Foul Ball, location: 2F 0-1: Called Strike 0-2: Foul Ball, location: 2F 0-2: SINGLE (Flyball, 8LS)
|
Batting: RHB John Stevens
|
0-0: Ground out 4-3 (Groundball, 34)
|
Top of the 4th over - 0 run(s), 1 hit(s), 0 error(s), 1 left on base; Atlantic City 2 - Rancho Cucamonga 4 |
BOTTOM OF THE 4TH |
Rancho Cucamonga Sick Monkeys batting - Pitching for Atlantic City War Dogs : RHP Jim Rawnsley
|
Batting: LHB Sam Fuller
|
0-0: Called Strike 0-1: Ball 1-1: Foul Ball, location: 2F 1-2: Foul Ball, location: 2F 1-2: Ball 2-2: Foul Ball, location: 2F 2-2: Ground out 6-3 (Groundball, 6)
|
Pitching: LHP Alonso Álvarez
|
|
Batting: RHB Jeremy Davis
|
0-0: Ball 1-0: Swinging Strike 1-1: Ball 2-1: Fly out, F7 (Flyball, 7)
|
Batting: SHB Jorge Maldonado
|
0-0: Called Strike 0-1: Foul Ball, location: 2F 0-2: Ball 1-2: Ball 2-2: Fly out, F6 (Line Drive, 6)
|
Bottom of the 4th over - 0 run(s), 0 hit(s), 0 error(s), 0 left on base; Atlantic City 2 - Rancho Cucamonga 4 |
TOP OF THE 5TH |
Atlantic City War Dogs batting - Pitching for Rancho Cucamonga Sick Monkeys : RHP Armando Rocha
|
Batting: RHB Jesús Herrera
|
0-0: Ball 1-0: Foul Ball, location: 2F 1-1: Ball 2-1: Called Strike 2-2: Fly out, F9 (Flyball, 9LMF)
|
Batting: RHB Pat Simms
|
0-0: Called Strike 0-1: Ball 1-1: Fly out, F9 (Flyball, 89S)
|
Batting: RHB Pancho Valdés
|
0-0: Ball 1-0: Foul Ball, location: 2F 1-1: Ground out 4-3 (Groundball, 4)
|
Top of the 5th over - 0 run(s), 0 hit(s), 0 error(s), 0 left on base; Atlantic City 2 - Rancho Cucamonga 4 |
BOTTOM OF THE 5TH |
Rancho Cucamonga Sick Monkeys batting - Pitching for Atlantic City War Dogs : LHP Alonso Álvarez
|
Batting: RHB Roberto Quiñones
|
0-0: Ball 1-0: Fly out, F7 (Flyball, 7LS)
|
Batting: LHB Paco Córdova
|
0-0: Ball 1-0: Ball 2-0: Ball 3-0: Base on Balls
|
Batting: RHB Orlando González
|
0-0: Foul Ball, location: 2F 0-1: Ball 1-1: Ball 2-1: Foul Ball, location: 2F 2-2: Foul Ball, location: 2F 2-2: Foul Ball, location: 2F 2-2: Foul Ball, location: 2F 2-2: Fly out, F8 (Flyball, 8LS)
|
Batting: LHB Paul Holcomb
|
0-0: Called Strike 0-1: Foul Ball, location: 2F 0-2: SINGLE (Groundball, 56D) Paco Córdova to second
|
Batting: SHB Keith Hale
|
0-0: 3-RUN HOME RUN (Flyball, 7D), Distance : 417 ft
|
Batting: RHB Francis Land
|
0-0: Ball 1-0: Foul Ball, location: 2F 1-1: SINGLE (Groundball, 56D)
|
Pitching: RHP Jesús Domínguez
|
|
Batting: LHB Sam Fuller
|
0-0: Swinging Strike 0-1: Ball 1-1: Fly out, F2 (Popup, 2R)
|
Bottom of the 5th over - 3 run(s), 3 hit(s), 0 error(s), 1 left on base; Atlantic City 2 - Rancho Cucamonga 7 |
TOP OF THE 6TH |
Atlantic City War Dogs batting - Pitching for Rancho Cucamonga Sick Monkeys : RHP Armando Rocha
|
Batting: RHB Robert Koremans
|
0-0: Ball 1-0: Foul Ball, location: 2F 1-1: Swinging Strike 1-2: Strikes out swinging
|
Batting: RHB José Guevara
|
0-0: Ball 1-0: Called Strike 1-1: Ground out 5-3 (Groundball, 5)
|
Batting: RHB Jamie Swyers
|
0-0: Ball 1-0: Ball 2-0: Called Strike 2-1: Foul Ball, location: 2F 2-2: Foul Ball, location: 2F 2-2: SINGLE (Groundball, 6MD)
|
Pitching: RHP Héctor Fabián
|
|
Batting: LHB Patrick Ferguson
|
0-0: Ball 1-0: Fly out, F8 (Flyball, 78D)
|
Top of the 6th over - 0 run(s), 1 hit(s), 0 error(s), 1 left on base; Atlantic City 2 - Rancho Cucamonga 7 |
BOTTOM OF THE 6TH |
Rancho Cucamonga Sick Monkeys batting - Pitching for Atlantic City War Dogs : RHP Jesús Domínguez
|
Batting: RHB Jeremy Davis
|
0-0: Ball 1-0: Foul Ball, location: 2F 1-1: Ball 2-1: SINGLE (Flyball, 7S)
|
Batting: SHB Jorge Maldonado
|
0-0: Called Strike 0-1: Ball 1-1: Swinging Strike 1-2: Strikes out swinging
|
Batting: RHB Roberto Quiñones
|
0-0: Called Strike Jeremy Davis is caught stealing 2nd base 0-1: Swinging Strike 0-2: Ball 1-2: Foul Ball, location: 2F 1-2: Ball 2-2: Ball 3-2: Strikes out looking
|
Bottom of the 6th over - 0 run(s), 1 hit(s), 0 error(s), 0 left on base; Atlantic City 2 - Rancho Cucamonga 7 |
TOP OF THE 7TH |
Atlantic City War Dogs batting - Pitching for Rancho Cucamonga Sick Monkeys : RHP Héctor Fabián
|
Now at 3B: Leslie Kennedy
|
|
Batting: RHB Armando Vega
|
0-0: Called Strike 0-1: Ball 1-1: Called Strike 1-2: Ball 2-2: Ground out 5-3 (Groundball, 5)
|
Batting: RHB John Stevens
|
0-0: Ball 1-0: DOUBLE (Line Drive, 89S)
|
Batting: RHB Jesús Herrera
|
0-0: Ball 1-0: Ball Passed Ball! John Stevens to third 2-0: Called Strike 2-1: Called Strike 2-2: Foul Ball, location: 2F 2-2: Ball Wild Pitch! John Stevens scores 3-2: Ground out 4-3 (Groundball, 6M)
|
Batting: RHB Pat Simms
|
0-0: Ball 1-0: Called Strike 1-1: Ball 2-1: Ball 3-1: Foul Ball, location: 2F 3-2: Ground out U3 (Groundball, 34)
|
Top of the 7th over - 1 run(s), 1 hit(s), 0 error(s), 0 left on base; Atlantic City 3 - Rancho Cucamonga 7 |
BOTTOM OF THE 7TH |
Rancho Cucamonga Sick Monkeys batting - Pitching for Atlantic City War Dogs : RHP Jesús Domínguez
|
Batting: LHB Paco Córdova
|
0-0: Called Strike 0-1: Ball 1-1: Ball 2-1: Foul Ball, location: 2F 2-2: Foul Ball, location: 2F 2-2: Foul Ball, location: 2F 2-2: Ball 3-2: Ground out 4-3 (Groundball, 4)
|
Batting: RHB Orlando González
|
0-0: Ball 1-0: Swinging Strike 1-1: Swinging Strike 1-2: Strikes out looking
|
Batting: LHB Paul Holcomb
|
0-0: Ball 1-0: Called Strike 1-1: Called Strike 1-2: Strikes out swinging
|
Bottom of the 7th over - 0 run(s), 0 hit(s), 0 error(s), 0 left on base; Atlantic City 3 - Rancho Cucamonga 7 |
TOP OF THE 8TH |
Atlantic City War Dogs batting - Pitching for Rancho Cucamonga Sick Monkeys : RHP Héctor Fabián
|
Batting: RHB Pancho Valdés
|
0-0: Fly out, F8 (Flyball, 8LS)
|
Batting: RHB Robert Koremans
|
0-0: Ball 1-0: Called Strike 1-1: Ball 2-1: Ball 3-1: Base on Balls
|
Batting: RHB José Guevara
|
0-0: Called Strike 0-1: Foul Ball, location: 2F 0-2: Ball 1-2: Foul Ball, location: 2F 1-2: Ball 2-2: Ball 3-2: Fly out, F9 (Flyball, 9)
|
Batting: RHB Jamie Swyers
|
0-0: Ball 1-0: Ball 2-0: Swinging Strike 2-1: Called Strike 2-2: Foul Ball, location: 2F 2-2: Foul Ball, location: 2F 2-2: Fly out, F6 (Popup, 5D)
|
Top of the 8th over - 0 run(s), 0 hit(s), 0 error(s), 1 left on base; Atlantic City 3 - Rancho Cucamonga 7 |
BOTTOM OF THE 8TH |
Rancho Cucamonga Sick Monkeys batting - Pitching for Atlantic City War Dogs : RHP Jesús Domínguez
|
Batting: SHB Keith Hale
|
0-0: Ground out 4-3 (Groundball, 4S)
|
Batting: RHB Francis Land
|
0-0: Called Strike 0-1: Ground out 4-3 (Groundball, 4M)
|
Batting: LHB Sam Fuller
|
0-0: SINGLE (Groundball, 34D)
|
Batting: RHB Jeremy Davis
|
0-0: Called Strike Sam Fuller steals 2nd base 0-1: Foul Ball, location: 2F 0-2: Ball 1-2: Fly out, F7 (Flyball, 7)
|
Bottom of the 8th over - 0 run(s), 1 hit(s), 0 error(s), 1 left on base; Atlantic City 3 - Rancho Cucamonga 7 |
TOP OF THE 9TH |
Atlantic City War Dogs batting - Pitching for Rancho Cucamonga Sick Monkeys : RHP Héctor Fabián
|
Batting: LHB Patrick Ferguson
|
0-0: Ball 1-0: Swinging Strike 1-1: Ball 2-1: Ground out 4-3 (Groundball, 34)
|
Batting: RHB Armando Vega
|
0-0: Swinging Strike 0-1: Foul Ball, location: 2F 0-2: Ball 1-2: Strikes out swinging
|
Batting: RHB John Stevens
|
0-0: Called Strike 0-1: Foul Ball, location: 2F 0-2: Ball 1-2: Ball 2-2: Foul Ball, location: 2F 2-2: Foul Ball, location: 2F 2-2: Ground out 6-3 (Groundball, 6)
|
Top of the 9th over - 0 run(s), 0 hit(s), 0 error(s), 0 left on base; Atlantic City 3 - Rancho Cucamonga 7 |
|